Map: Seeds of Aiur

Players

Erfeyah - Winner!

  • Race: Terran Terran
  • Spawn Location: 7:00

VOD

Have the link to the VOD?

Description

Time

  • Played on: Nov. 27, 2017, 10:14 a.m.
  • Length: 8:38
Show
View Real Time Build Order
Export as new Build Order

Erfeyah Terran - Winner!

Build Orders:  

Get SALT Encoding   

  12  0:09  SCV  
  12  0:18  Supply Depot  
  12  0:21  SCV  
  12  0:44  Barracks  
  12  1:00  SCV  
  12  1:13  Supply Depot  
  12  1:29  SCV  
  12  1:36  Supply Depot  
  12  1:38  Marine  
  12  1:41  SCV  
  12  1:56  Marine  
  12  2:00  Supply Depot  
  12  2:16  SCV  
  12  2:17  Marine  
  12  2:22  Supply Depot  
  12  2:28  SCV  
  12  2:35  Marine  
  12  2:45  Supply Depot  
  12  2:52  Marine  
  12  2:55  Command Center  
  12  3:30  SCV  
  12  3:32  Marine  
  12  3:42  SCV  
  12  3:49  Marine  
  12  3:54  SCV  
  12  4:07  Marine  
  12  4:09  Supply Depot  
  12  4:14  Supply Depot  
  12  4:25  Marine  
  12  4:33  Barracks  
  12  4:43  Marine  
  12  4:45  SCV x2  
  12  4:57  SCV x2  
  12  5:01  Marine  
  12  5:12  Refinery  
  12  5:18  Marine  
  12  5:22  Barracks  
  12  5:28  Refinery  
  12  5:45  SCV x2  
  12  5:49  Marine  
  12  5:57  SCV x2  
  12  6:07  Marine  
  12  6:17  SCV  
  12  6:24  Marine  
  12  6:26  SCV  
  12  6:27  Marine x2  
  12  6:29  SCV  
  12  6:38  SCV  
  12  6:41  SCV  
  12  6:42  Marine  
  12  6:45  Marine x2  
  12  6:49  Factory  
  12  7:00  Marine  
  12  7:03  Marine x2  
  12  8:38  Supply Depot  
Tags
 
Add a new tag
Caveats
  • Supply blocks, unpowered buildings, or Contaminate may cause inaccurate times.
  • Supply counts are checked every 10 seconds.